 Dungeon Sprint DCSS version 0.16-a0-3841-g2612308 (console) character file.

6084 Monkaria the Severer (level 10, -7/103 HPs)
             Began as a Hill Orc Fighter on Jan 30, 2015.
             Was the Champion of Makhleb.
             Mangled by a spriggan defender
             ... wielding a +3 lajatang of protection
              (24 damage)
             ... in the Dungeon (Sprint V: "Ziggurat Sprint").
             The game lasted 00:08:48 (693 turns).

Monkaria the Severer (Hill Orc Fighter)              Turns: 693, Time: 00:08:48

Health: -7/103     AC: 16    Str: 40    XL:     10   Next: 88%
Magic:  6/25       EV:  6    Int:  6    God:    Makhleb [******]
Gold:   0          SH:  0    Dex: 16    Spells: 1 memorised, 6 levels left

rFire  + . .     SeeInvis +     P - +14 obsidian axe {chop, +Fly Str+3 SInv Curse} (curse)
rCold  + . .     Clarity  .     L - +5 gold dragon armour
rNeg   + . .     SustAb   .     (no shield)
rPois  +         Gourm    .     (no helmet)
rElec  .         Spirit   .     (no cloak)
rCorr  .         Warding  +     (no gloves)
rMut   .         NoTele   +     (no boots)
MR     +....                    a - macabre finger necklace {Ward rN+}
Stlth  ..........               F - +6 ring of strength
                                E - +6 ring of strength
                                y - +6 ring of dexterity (curse)

@: mesmerised, somewhat resistant to hostile enchantments, extremely unstealthy
A: iridescent scales 1, deformed body, low mp 1, magic resistance 1, screaming 1
a: Minor Destruction, Lesser Servant of Makhleb, Major Destruction, Greater
Servant of Makhleb, Renounce Religion, Evoke Flight


You were in the Dungeon.
You worshipped Makhleb.
Makhleb was exalted by your worship.
You were not hungry.

You visited 1 branch

Inventory:

Hand weapons
 M - a +5 executioner's axe of flaming
 O - the +15 heavy crossbow "Sniper" {velocity, SInv}
   (You found it in the Dungeon)

   Any bolt fired from it inflicts extra damage.
   It enhances your eyesight.
 P - the cursed +14 obsidian axe (weapon) {chop, +Fly Str+3 SInv Curse}
   (You found it in the Dungeon)

   It inflicts extra damage upon your enemies.
   It affects your strength (+3).
   It enhances your eyesight.
   It lets you fly.
   It may recurse itself when equipped.
   It has a curse placed upon it.
 R - the +7 Singing Sword
   (You found it in the Dungeon)
 S - the +0 Sword of Power
   (You found it in the Dungeon)
 T - the +14 plutonium sword {Contam Stlth-}
   (You found it in the Dungeon)

   It causes magical contamination when unequipped.
   It makes you less stealthy.
Missiles
 N - 1000 bolts
Armour
 L - a +5 gold dragon armour (worn)
 Q - the +18 shield of the gong {rElec rN+ MR+ EV-5}
   (You found it in the Dungeon)

   It affects your evasion (-5).
   It insulates you from electricity.
   It protects you from negative energy.
   It affects your resistance to hostile enchantments.
Rods
 b - a +6 rod of inaccuracy (9/9)
   (You took it off a deep elf mage in the Dungeon)
Jewellery
 a - the macabre finger necklace (around neck) {Ward rN+}
   (You found it in the Dungeon)

   [amulet of warding]

   It may prevent the melee attacks of summoned creatures.
   It protects you from negative energy.
 p - the ring "Myikh" {+Fly rElec rN+ MR- Int+8}
   (You found it in the Dungeon)

   [ring of positive energy]

   It affects your intelligence (+8).
   It insulates you from electricity.
   It protects you from negative energy.
   It affects your resistance to hostile enchantments.
   It lets you fly.
 y - a cursed +6 ring of dexterity (on amulet)
 B - a +6 ring of dexterity
 E - a +6 ring of strength (left hand)
 F - a +6 ring of strength (right hand)
 U - an uncursed ring of protection from fire
 V - the amulet "Thiufaa" {Clar +Inv rC+ Int-4 Dex+3}
   (You found it in the Dungeon)

   [amulet of clarity]

   It provides mental clarity.
   It affects your intelligence (-4).
   It affects your dexterity (+3).
   It protects you from cold.
   It lets you turn invisible.
 Z - the ring of Dauxat {rN++ MR+ Str+2 Slay-5 SInv}
   (You found it in the Dungeon)

   [ring of protection from magic]

   It affects your strength (+2).
   It affects your accuracy and damage with ranged weapons and melee attacks
   (-5).
   It greatly protects you from negative energy.
   It affects your resistance to hostile enchantments.
   It enhances your eyesight.
Magical devices
 H - a wand of disintegration (7)
 I - a wand of fire (4)
 J - a wand of cold (5)
 K - a wand of draining (5)
Scrolls
 k - 4 scrolls of blinking
 r - 4 scrolls of amnesia
 s - 3 scrolls of recharging
 t - 7 scrolls of fog
 u - a scroll of holy word
 v - 5 scrolls of identify
 w - 5 scrolls of remove curse
 x - 2 scrolls of fear
Potions
 e - 7 potions of might
 f - 10 potions of curing
 g - 5 potions of heal wounds
 h - 6 potions of haste
 i - 7 potions of magic
 j - 2 potions of berserk rage
 l - 2 potions of brilliance
 m - 2 potions of invisibility
 n - 2 potions of restore abilities
 o - 3 potions of resistance
 q - 5 potions of agility
Miscellaneous
 c - a phial of floods
 C - a fan of gales
 G - a disc of storms
 W - a box of beasts
 Y - a box of beasts
Comestibles
 d - 5 meat rations
 z - 42 fruits
 A - 4 bread rations


   Skills:
 - Level 14.0 Fighting
 - Level 19.8 Axes
 - Level 3.2 Armour
 - Level 3.2 Shields
 + Level 15.6 Invocations
 + Level 10.1 Evocations


You had 6 spell levels left.
You knew the following spells:

 Your Spells              Type           Power        Failure   Level  Hunger
a - Conjure Flame         Conj/Fire      #.......     100%        3    ####...


Dungeon Overview and Level Annotations

Branches:
Dungeon (1/1)

Altars:
Ashenzari
Cheibriados
Dithmenos
Elyvilon
Fedhas
Gozag
Kikubaaqudgha
Makhleb
Nemelex Xobeh
Okawaru
Qazlal
Ru
Sif Muna
Trog
Vehumet
Xom
Yredelemnul
Zin
The Shining One
Beogh
Jiyva
Lugonu


Innate Abilities, Weirdness & Mutations

You are partially covered in iridescent scales (AC +4).
Armour fits poorly on your strangely shaped body.
Your magical capacity is low (-10% MP).
You are resistant to hostile enchantments.
You occasionally shout uncontrollably at your foes.


Message History

The spriggan air mage is heavily wounded.
The dire elephant is moderately wounded.
Your soul eater is healed.
The spriggan berserker hits your soul eater with a +2 scimitar of draining!
Unknown command.
Unknown command.
Unknown command.
Drink which item? (? for menu, Esc to quit)
You feel much better.
Visions of slaying the spriggan defender flood into your mind.
The wolf spider hits you!
* * * LOW HITPOINT WARNING * * *
The wolf spider bites you.
* * * LOW HITPOINT WARNING * * *
The spriggan berserker hits your soul eater with a rapier!
The polar bear bites your soul eater but does no damage.
The polar bear closely misses your soul eater.
The polar bear claws your soul eater.
The spriggan defender hits you with a lajatang of protection!!
You die... 4zZ2Wp

*..[:.):..▓..).)3...▓
,,24ZZn
▓..)))?)..▓....)[)).▓
, ,
▓.........▓.........▓
, ,
▓.........▓.........▓
* ,
▓...ii....▓.........▓
, ,
▓...3i....▓.........▓
,
▓...hi....▓.▓.....▓.▓
,
▓.▓.iYi.▓.▓.........▓
,
▓...@ss...▓▓▓▓▓▓▓▓▓▓▓
* ▓▓▓▓▓▓▓▓▓▓▓ * 8 ,,
, , , , , , , , , , ,
, , , , , , , , , ,


You could see a dire elephant, a spriggan defender, 2 wolf spiders, 2 spriggan
berserkers, 3 spriggan air magi, a polar bear (berserk) and a friendly soul
eater.

Vanquished Creatures
  A green draconian (D)
  2 deep elf knights (D)
  A deep elf conjurer (D)
  A shining eye (D)
  An ugly thing (D)
  An eye of devastation (D)
  A guardian mummy (D)
  A jumping spider (D)
  4 slime creatures (D)
  An ushabti (D)
  A basilisk (shapeshifter) (D)
  A deep elf mage (D)
  A yak (D)
  A human (shapeshifter) (D)
  A golden eye (D)
  3 neqoxecs (D)
  3 necrophages (D)
  3 big kobolds (D)
  2 scorpions (D)
  2 wights (D)
  A quasit (D)
  5 jellies (D)
  An iron imp (D)
  A river rat (D)
  A shadow imp (D)
  2 white imps (D)
  2 giant mites (D)
  An ufetubus (D)
  An adder skeleton (D)
  6 oozes (D)
  A bat simulacrum (D)
  A giant cockroach zombie (D)
55 creatures vanquished.

Vanquished Creatures (collateral kills)
  2 guardian mummies (D)
  An eye of draining (D)
  A jelly (D)
  A mummy (D)
  A butterfly (D)
6 creatures vanquished.

Vanquished Creatures (others)
  A flying skull (D)
  A water elemental (D)
2 creatures vanquished.

Grand Total: 63 creatures vanquished

Notes
Turn   | Place    | Note
--------------------------------------------------------------
     0 | D        | Monkaria, the Hill Orc Fighter, began the quest for the Orb.
     0 | D        | Reached XP level 1. HP: 19/19 MP: 1/1
     0 | D        | Found a viscous altar of Jiyva.
     0 | D        | Found a corrupted altar of Lugonu.
     0 | D        | Found a white marble altar of Elyvilon.
     1 | D        | Found a burning altar of Makhleb.
     1 | D        | Found an iron altar of Okawaru.
     3 | D        | Found a sparkling altar of Nemelex Xobeh.
     3 | D        | Found a basalt altar of Yredelemnul.
     3 | D        | Found a deep blue altar of Sif Muna.
     3 | D        | Found a radiant altar of Vehumet.
     7 | D        | Found a bloodstained altar of Trog.
    24 | D        | Found a shimmering altar of Xom.
    50 | D        | Became a worshipper of Makhleb the Destroyer
    78 | D        | Reached skill level 6 in Fighting
    78 | D        | Reached skill level 8 in Axes
    78 | D        | Reached XP level 2. HP: 23/30 MP: 2/2
   148 | D        | Entered arena 1.
   148 | D        | Noticed a yak
   153 | D        | Killed a yak
   153 | D        | Acquired Makhleb's first power
   153 | D        | Reached skill level 12 in Axes
   153 | D        | Reached XP level 3. HP: 34/41 MP: 3/3
   153 | D        | Reached XP level 4. HP: 40/49 MP: 4/4
   153 | D        | Reached XP level 5. HP: 45/56 MP: 5/5
   158 | D        | Got the ring of Psychosis {Dex+2 Stlth+}
   213 | D        | Entered arena 2.
   219 | D        | Acquired Makhleb's second power
   239 | D        | Entered arena 3.
   239 | D        | Noticed a golden eye
   253 | D        | Acquired Makhleb's third power
   257 | D        | Killed a golden eye
   257 | D        | Reached skill level 10 in Fighting
   257 | D        | Reached skill level 14 in Axes
   257 | D        | Reached XP level 6. HP: 64/66 MP: 6/6
   268 | D        | Entered arena 4.
   268 | D        | Noticed a deep elf mage
   268 | D        | Noticed a deep elf conjurer
   268 | D        | Noticed a deep elf knight
   268 | D        | Noticed a deep elf knight
   269 | D        | Identified a +6 rod of inaccuracy (6/9)
   276 | D        | Killed a deep elf conjurer
   276 | D        | Reached skill level 16 in Axes
   276 | D        | Reached XP level 7. HP: 40/75 MP: 7/7
   276 | D        | Killed a deep elf knight
   276 | D        | Acquired Makhleb's fourth power
   276 | D        | Reached skill level 18 in Axes
   276 | D        | Reached XP level 8. HP: 56/85 MP: 8/8
   277 | D        | Killed a deep elf knight
   277 | D        | Reached skill level 19 in Axes
   277 | D        | Reached XP level 9. HP: 80/94 MP: 9/9
   277 | D        | Killed a deep elf mage
   284 | D        | Identified Iskenderun's Catalogue of Confrontation (You found it in the Dungeon)
   289 | D        | Learned a level 3 spell: Conjure Flame
   415 | D        | Entered arena 5.
   415 | D        | Noticed a scorpion
   415 | D        | Noticed a scorpion
   415 | D        | Noticed a jumping spider
   417 | D        | Acquired Makhleb's fifth power
   417 | D        | Reached skill level 1 in Invocations
   418 | D        | Killed a scorpion
   418 | D        | Killed a scorpion
   420 | D        | Killed a jumping spider
   435 | D        | Entered arena 6.
   435 | D        | Noticed a neqoxec
   435 | D        | Noticed a neqoxec
   435 | D        | Noticed a fire drake
   435 | D        | Noticed a neqoxec
   435 | D        | Noticed a brown ugly thing
   435 | D        | Noticed an unseen horror
   436 | D        | an unseen horror changed into a shapeshifter
   437 | D        | Gained mutation: Your magical capacity is low (-10% MP). [a neqoxec]
   440 | D        | a fire drake changed into a yak
   442 | D        | Killed a brown ugly thing
   442 | D        | Reached skill level 10 in Invocations
   446 | D        | Killed a neqoxec
   448 | D        | Killed a neqoxec
   449 | D        | Killed a neqoxec
   462 | D        | Reached XP level 10. HP: 89/103 MP: 15/22
   466 | D        | Gained mutation: You occasionally shout uncontrollably at your foes. [mutagenic meat]
   471 | D        | Gained mutation: You sometimes yell uncontrollably at your foes. [mutagenic meat]
   480 | D        | Got the ring "Myikh" {+Fly rElec rN+ MR- Int+8}
   514 | D        | Entered arena 7.
   514 | D        | Noticed a necrophage
   514 | D        | Noticed a necrophage
   514 | D        | Noticed a necrophage
   514 | D        | Noticed a wight
   514 | D        | Noticed a wight
   519 | D        | Killed a necrophage
   520 | D        | Killed a necrophage
   521 | D        | Killed a necrophage
   522 | D        | Killed a wight
   522 | D        | Killed a wight
   543 | D        | Entered arena 8.
   543 | D        | Noticed a jelly
   543 | D        | Noticed a jelly
   543 | D        | Noticed a jelly
   543 | D        | Noticed a jelly
   543 | D        | Noticed a jelly
   546 | D        | Killed a jelly
   548 | D        | Killed a jelly
   548 | D        | Killed a jelly
   549 | D        | Killed a jelly
   550 | D        | Killed a jelly
   572 | D        | Entered arena 9.
   572 | D        | Noticed a guardian mummy
   572 | D        | Noticed a guardian mummy
   572 | D        | Noticed a guardian mummy
   572 | D        | Noticed a flying skull
   572 | D        | Noticed an ushabti
   577 | D        | Gained mutation: You are partially covered in iridescent scales (AC +4). [helix card]
   579 | D        | Killed a guardian mummy
   580 | D        | Killed a flying skull
   582 | D        | Killed a guardian mummy
   582 | D        | Reached skill level 5 in Evocations
   586 | D        | Killed a guardian mummy
   589 | D        | Killed an ushabti
   601 | D        | Got the ring of Dauxat {rN++ MR+ Str+2 Slay-5 SInv}
   609 | D        | Gained mutation: Armour fits poorly on your strangely shaped body. [helix card]
   612 | D        | Lost mutation: You sometimes yell uncontrollably at your foes. [helix card]
   612 | D        | Gained mutation: You are resistant to hostile enchantments. [helix card]
   613 | D        | Drew Focus: Str increased to 24, Int decreased to 7
   614 | D        | Noticed Ghahy
   618 | D        | Killed Ghahy the green draconian
   623 | D        | Drew Focus: Str increased to 25, Int decreased to 6
   645 | D        | Entered arena 10.
   645 | D        | Noticed a slime creature
   645 | D        | Noticed a jelly
   645 | D        | Noticed a slime creature
   645 | D        | Noticed a slime creature
   645 | D        | Noticed an eye of devastation
   645 | D        | Noticed a shining eye
   645 | D        | Noticed an eye of draining
   645 | D        | Noticed a slime creature
   651 | D        | Killed a jelly
   653 | D        | Killed a slime creature
   655 | D        | Killed a slime creature
   658 | D        | Killed a shining eye
   658 | D        | Reached skill level 15 in Invocations
   659 | D        | Killed an eye of draining
   660 | D        | Killed a slime creature
   660 | D        | Killed a slime creature
   661 | D        | Killed an eye of devastation
   661 | D        | Reached skill level 10 in Evocations
   667 | D        | Got the amulet "Thiufaa" {Clar +Inv rC+ Int-4 Dex+3}
   682 | D        | Entered arena 11.
   682 | D        | Noticed a wolf spider
   682 | D        | Noticed a spriggan air mage
   682 | D        | Noticed a spriggan air mage
   682 | D        | Noticed a spriggan berserker
   682 | D        | Noticed a spriggan berserker
   682 | D        | Noticed a spriggan air mage
   682 | D        | Noticed a dire elephant
   683 | D        | Noticed a wolf spider
   684 | D        | Noticed a spriggan defender
   692 | D        | HP: 3/103 [dire elephant (26)]
   693 | D        | Mangled by a spriggan defender

Action                   |  1- 3 |  4- 6 |  7- 9 | 10-12 || total
-------------------------+-------+-------+-------+-------++-------
Melee: Broad axe         |     4 |    13 |    17 |    47 ||    81
Evoke: Deck              |       |       |       |    22 ||    22
       Box of beasts     |       |       |       |     3 ||     3
       Wand              |       |       |       |     1 ||     1
       Fan of gales      |       |       |       |     1 ||     1
       Phial of floods   |       |       |       |     1 ||     1
  Use: Potion            |     1 |     2 |     1 |     4 ||     8
       Scroll            |       |       |       |     1 ||     1
  Eat: Chunk             |       |       |       |     2 ||     2
